GCL
TORONTO (GCL) BLUE JAYS @ BOSTON (GCL) RED SOX
08/08/2099
 
TOP OF THE 1ST
Toronto (GCL) Blue Jays batting - Pitching for Boston (GCL) Red Sox : RHP Estevan Aguilera
Pitching: RHP Estevan Aguilera
Batting: LHB Matt Goble 0-0: SINGLE (Flyball, 56D, EV 86.9 MPH)
Batting: LHB Matt Barnes 0-0: Foul Ball, location: 2F
0-1: Called Strike
0-2: Foul Ball, location: 7LSF
0-2: Ball
1-2: Ball
2-2: Foul Ball, location: 23F
2-2: Foul Ball, location: 2F
2-2: Ball
3-2: Base on Balls
Matt Goble to second
Batting: RHB Ryan Hill 0-0: Called Strike
0-1: Ball
1-1: Called Strike
1-2: Strikes out swinging
Batting: LHB Nick Maruschak 0-0: Called Strike
0-1: Ball
1-1: Called Strike
1-2: Strikes out swinging
Batting: RHB Aidan Freeman 0-0: Swinging Strike
0-1: Ball
1-1: Swinging Strike
1-2: Strikes out swinging
Top of the 1st over - 0 runs, 1 hit, 0 errors, 2 left on base; Toronto (GCL) 0 - Boston (GCL) 0
BOTTOM OF THE 1ST
Boston (GCL) Red Sox batting - Pitching for Toronto (GCL) Blue Jays : RHP Carlos Arguello
Pitching: RHP Carlos Arguello
Batting: RHB Jesus Aguilar 0-0: Ball
1-0: Ball
2-0: Foul Ball, location: 2RF
2-1: Called Strike
2-2: Foul Ball, location: 5F
2-2: Strikes out swinging
Batting: LHB Rico Flores 0-0: Foul Ball, location: 2LF
0-1: Ball
1-1: Foul Ball, location: 3F
1-2: Ground out 6-3 (Groundball, 6, EV 90.0 MPH)
Batting: RHB Silvério Lorme 0-0: Called Strike
0-1: Foul Ball, location: 3F
0-2: Ground out 6-3 (Groundball, 6MD, EV 99.4 MPH)
Bottom of the 1st over - 0 runs, 0 hits, 0 errors, 0 left on base; Toronto (GCL) 0 - Boston (GCL) 0
TOP OF THE 2ND
Toronto (GCL) Blue Jays batting - Pitching for Boston (GCL) Red Sox : RHP Estevan Aguilera
Batting: RHB Chris Abbott 0-0: SINGLE (Groundball, 15S, EV 68.1 MPH) (infield hit)
Batting: LHB Tom Milliman 0-0: DOUBLE (Line Drive, 78D, EV 102.5 MPH)
Chris Abbott to third
Batting: RHB Chad Wagner 0-0: Called Strike
0-1: Called Strike
0-2: Ball
1-2: Foul Ball, location: 5F
1-2: Ball
2-2: Fly out, F8 (Flyball, 8LD, EV 90.6 MPH)
Runner from 3rd tags up, SCORES, throw by CF
Batting: RHB Brent Rippy 0-0: Ball
1-0: Called Strike
1-1: DOUBLE (Flyball, 89XD, EV 99.4 MPH)
Tom Milliman scores
Batting: LHB Matt Goble 0-0: Fly out, F8 (Flyball, 8RM, EV 85.6 MPH)
Batting: LHB Matt Barnes 0-0: Foul Ball, location: 5SF
0-1: Foul Ball, location: 3FF
0-2: Ball
1-2: DOUBLE (Groundball, 3L, EV 94.4 MPH)
Brent Rippy scores
Batting: RHB Ryan Hill 0-0: Fly out, F8 (Flyball, 8LD, EV 82.5 MPH)
Top of the 2nd over - 3 runs, 4 hits, 0 errors, 1 left on base; Toronto (GCL) 3 - Boston (GCL) 0
BOTTOM OF THE 2ND
Boston (GCL) Red Sox batting - Pitching for Toronto (GCL) Blue Jays : RHP Carlos Arguello
Batting: SHB Jason Keating 0-0: Foul Ball, location: 2F
0-1: Fly out, F6 (Popup, 6, EV 65.0 MPH)
Batting: RHB Matt Borkholder 0-0: Foul Ball, location: 25FF
0-1: Called Strike
0-2: Ball
1-2: Ball
2-2: SINGLE (Groundball, 3D, EV 104.4 MPH)
Batting: RHB Jarred Slaughter 0-0: Ball
1-0: Foul Ball, location: 3DF
1-1: Swinging Strike
1-2: Foul Ball, location: 2F
1-2: Strikes out looking
Batting: RHB Chris Holmes 0-0: Foul Ball, location: 25FF
0-1: Ball
1-1: Foul Ball, location: 2F
1-2: Fielders Choice at 2nd, 5-4 (Groundball, 56, EV 85.6 MPH)
Bottom of the 2nd over - 0 runs, 1 hit, 0 errors, 1 left on base; Toronto (GCL) 3 - Boston (GCL) 0
TOP OF THE 3RD
Toronto (GCL) Blue Jays batting - Pitching for Boston (GCL) Red Sox : RHP Estevan Aguilera
Batting: LHB Nick Maruschak 0-0: Ground out 6-3 (Groundball, 6, EV 82.5 MPH)
Batting: RHB Aidan Freeman 0-0: Ball
1-0: Ball
2-0: Called Strike
2-1: Ball
3-1: Foul Ball, location: 5FF
3-2: Base on Balls
Batting: RHB Chris Abbott 0-0: SINGLE (Groundball, 56, EV 83.8 MPH)
Aidan Freeman to second
Batting: LHB Tom Milliman 0-0: Ball
1-0: Called Strike
1-1: Ball
2-1: Ball
3-1: Base on Balls
Aidan Freeman to third
Chris Abbott to second
Batting: RHB Chad Wagner 0-0: Fly out, F8 (Flyball, 8RD, EV 85.0 MPH)
Runner from 3rd tags up, SCORES, throw by CF
Chris Abbott to third
Batting: RHB Brent Rippy 0-0: Swinging Strike
0-1: Ball
1-1: Foul Ball, location: 2F
1-2: Foul Ball, location: 9LSF
1-2: Ball
2-2: Strikes out swinging
Top of the 3rd over - 1 run, 1 hit, 0 errors, 2 left on base; Toronto (GCL) 4 - Boston (GCL) 0
BOTTOM OF THE 3RD
Boston (GCL) Red Sox batting - Pitching for Toronto (GCL) Blue Jays : RHP Carlos Arguello
Batting: RHB Leo Lopez 0-0: Ball
1-0: Fly out, F9 (Flyball, 89S, EV 88.1 MPH)
Batting: LHB David Salcido 0-0: Ground out 6-3 (Groundball, 6, EV 103.1 MPH)
Batting: RHB Jesus Aguilar 0-0: Ball
1-0: Called Strike
1-1: Ball
2-1: Foul Ball, location: 25FF
2-2: Strikes out swinging
Bottom of the 3rd over - 0 runs, 0 hits, 0 errors, 0 left on base; Toronto (GCL) 4 - Boston (GCL) 0
TOP OF THE 4TH
Toronto (GCL) Blue Jays batting - Pitching for Boston (GCL) Red Sox : RHP Estevan Aguilera
Batting: LHB Matt Goble 0-0: Ball
1-0: Foul Ball, location: 2F
1-1: Foul Ball, location: 25F
1-2: Ball
2-2: Foul Ball, location: 25FF
2-2: Strikes out swinging
Batting: LHB Matt Barnes 0-0: Called Strike
0-1: Ball
1-1: SINGLE (Groundball, 4MD, EV 97.5 MPH)
Batting: RHB Ryan Hill 0-0: Swinging Strike
0-1: Ball
1-1: Swinging Strike
1-2: Strikes out looking
Batting: LHB Nick Maruschak 0-0: Ball
1-0: Called Strike
1-1: Ball
2-1: Foul Ball, location: 5SF
2-2: Strikes out swinging
Top of the 4th over - 0 runs, 1 hit, 0 errors, 1 left on base; Toronto (GCL) 4 - Boston (GCL) 0
BOTTOM OF THE 4TH
Boston (GCL) Red Sox batting - Pitching for Toronto (GCL) Blue Jays : RHP Carlos Arguello
Batting: LHB Rico Flores 0-0: Ball
1-0: Foul Ball, location: 5F
1-1: Called Strike
1-2: Ball
2-2: SINGLE (Flyball, 34D, EV 87.5 MPH)
Batting: RHB Silvério Lorme 0-0: Fly out, F8 (Flyball, 8LS, EV 88.1 MPH)
Batting: SHB Jason Keating 0-0: Foul Ball, location: 2F
0-1: Called Strike
Rico Flores steals 2nd base
0-2: Foul Ball, location: 2F
0-2: Ball
1-2: Ball
2-2: Ball
3-2: Foul Ball, location: 7LMF
3-2: Foul Ball, location: 25FF
3-2: Strikes out swinging
Batting: RHB Matt Borkholder 0-0: Fly out, F7 (Flyball, 7LM, EV 83.8 MPH)
Bottom of the 4th over - 0 runs, 1 hit, 0 errors, 1 left on base; Toronto (GCL) 4 - Boston (GCL) 0
TOP OF THE 5TH
Toronto (GCL) Blue Jays batting - Pitching for Boston (GCL) Red Sox : RHP Estevan Aguilera
Batting: RHB Aidan Freeman 0-0: Ball
1-0: Foul Ball, location: 23F
1-1: Foul Ball, location: 9LMF
1-2: Foul Ball, location: 9LMF
1-2: Strikes out looking
Pitching: RHP Manny Balli
Batting: RHB Chris Abbott 0-0: Ball
1-0: Foul Ball, location: 2F
1-1: Ground out 4-3 (Groundball, 34D, EV 95.6 MPH)
Batting: LHB Tom Milliman 0-0: Called Strike
0-1: Ball
1-1: SINGLE (Line Drive, 89S, EV 92.5 MPH)
Batting: RHB Chad Wagner 0-0: Called Strike
0-1: Foul Ball, location: 5FF
0-2: Ball
1-2: Strikes out swinging
Top of the 5th over - 0 runs, 1 hit, 0 errors, 1 left on base; Toronto (GCL) 4 - Boston (GCL) 0
BOTTOM OF THE 5TH
Boston (GCL) Red Sox batting - Pitching for Toronto (GCL) Blue Jays : RHP Carlos Arguello
Batting: RHB Jarred Slaughter 0-0: Ground out U3 (Groundball, 34D, EV 97.5 MPH)
Batting: RHB Chris Holmes 0-0: Swinging Strike
0-1: Foul Ball, location: 2F
0-2: Ball
1-2: Strikes out swinging
Batting: RHB Leo Lopez 0-0: Fly out, F8 (Flyball, 8RS, EV 91.3 MPH)
Bottom of the 5th over - 0 runs, 0 hits, 0 errors, 0 left on base; Toronto (GCL) 4 - Boston (GCL) 0
TOP OF THE 6TH
Toronto (GCL) Blue Jays batting - Pitching for Boston (GCL) Red Sox : RHP Manny Balli
Batting: RHB Brent Rippy 0-0: Ball
1-0: Ball
2-0: Ground out 6-3 (Groundball, 6, EV 95.0 MPH)
Batting: LHB Matt Goble 0-0: Foul Ball, location: 2F
0-1: Ball
1-1: Ball
2-1: Foul Ball, location: 3SF
2-2: Ground out 4-3 (Groundball, 4, EV 104.4 MPH)
Batting: LHB Matt Barnes 0-0: Ball
1-0: Swinging Strike
1-1: Foul Ball, location: 2F
1-2: Strikes out swinging
Top of the 6th over - 0 runs, 0 hits, 0 errors, 0 left on base; Toronto (GCL) 4 - Boston (GCL) 0
BOTTOM OF THE 6TH
Boston (GCL) Red Sox batting - Pitching for Toronto (GCL) Blue Jays : RHP Carlos Arguello
Batting: LHB David Salcido 0-0: Swinging Strike
0-1: Called Strike
0-2: Ball
1-2: Foul Ball, location: 2F
1-2: Ball
2-2: Fly out, F8 (Flyball, 8RD, EV 100.0 MPH)
Batting: RHB Jesus Aguilar 0-0: Called Strike
0-1: Called Strike
0-2: Ball
1-2: Ball
2-2: Fly out, F7 (Flyball, 7LS, EV 85.6 MPH)
Batting: LHB Rico Flores 0-0: Ball
1-0: Foul Ball, location: 9LDF
1-1: Fly out, F9 (Flyball, 9, EV 88.8 MPH)
Bottom of the 6th over - 0 runs, 0 hits, 0 errors, 0 left on base; Toronto (GCL) 4 - Boston (GCL) 0
TOP OF THE 7TH
Toronto (GCL) Blue Jays batting - Pitching for Boston (GCL) Red Sox : RHP Manny Balli
Batting: RHB Ryan Hill 0-0: Fly out, F8 (Flyball, 8LXD, EV 103.8 MPH)
Batting: LHB Nick Maruschak 0-0: Fly out, F3 (Line Drive, 34, EV 62.5 MPH)
Batting: RHB Aidan Freeman 0-0: Swinging Strike
0-1: Ball
1-1: Ball
2-1: Ball
3-1: Called Strike
3-2: DOUBLE (Line Drive, 9LS, EV 94.4 MPH)
Batting: RHB Chris Abbott 0-0: Ball
1-0: Ball
2-0: Foul Ball, location: 7LMFF
2-1: Ball
3-1: SINGLE (Line Drive, 7LS, EV 106.3 MPH)
Aidan Freeman to third
Runner from 3rd tries for Home, SAFE, throw by LF to home
Batting: LHB Tom Milliman 0-0: Called Strike
0-1: SINGLE (Line Drive, 78S, EV 108.8 MPH)
Chris Abbott to second
Batting: RHB Chad Wagner 0-0: Called Strike
0-1: Ball
1-1: Ball
2-1: Foul Ball, location: 2F
2-2: Foul Ball, location: 9LDF
2-2: Foul Ball, location: 9LMF
2-2: Strikes out looking
Top of the 7th over - 1 run, 3 hits, 0 errors, 2 left on base; Toronto (GCL) 5 - Boston (GCL) 0
BOTTOM OF THE 7TH
Boston (GCL) Red Sox batting - Pitching for Toronto (GCL) Blue Jays : RHP Carlos Arguello
Batting: RHB Silvério Lorme 0-0: Called Strike
0-1: Fly out, F8 (Line Drive, 8LD, EV 96.9 MPH)
Batting: SHB Jason Keating 0-0: Ball
1-0: Called Strike
1-1: Called Strike
1-2: Fly out, F5 (Popup, 25F, EV 83.1 MPH)
Batting: RHB Matt Borkholder 0-0: Ground out 4-3 (Groundball, 4, EV 89.4 MPH)
Bottom of the 7th over - 0 runs, 0 hits, 0 errors, 0 left on base; Toronto (GCL) 5 - Boston (GCL) 0
TOP OF THE 8TH
Toronto (GCL) Blue Jays batting - Pitching for Boston (GCL) Red Sox : RHP Manny Balli
Batting: RHB Brent Rippy 0-0: Swinging Strike
0-1: Ball
1-1: Ball
2-1: Fly out, F4 (Popup, 4MD, EV 49.4 MPH)
Batting: LHB Matt Goble 0-0: Ball
1-0: Called Strike
1-1: Foul Ball, location: 7LMF
1-2: Foul Ball, location: 9LMF
1-2: Ground out 5-3 (Groundball, 56S, EV 69.4 MPH)
Batting: LHB Matt Barnes 0-0: Fly out, F7 (Flyball, 7D, EV 75.0 MPH)
Top of the 8th over - 0 runs, 0 hits, 0 errors, 0 left on base; Toronto (GCL) 5 - Boston (GCL) 0
BOTTOM OF THE 8TH
Boston (GCL) Red Sox batting - Pitching for Toronto (GCL) Blue Jays : RHP Carlos Arguello
Batting: RHB Jarred Slaughter 0-0: Foul Ball, location: 25F
0-1: Ball
1-1: SINGLE (Line Drive, 56D, EV 65.6 MPH)
Pinch Hitting: RHB Carlos Aguilar 0-0: Ball
1-0: Ball
2-0: Called Strike
2-1: Ball
3-1: Fielders Choice at 2nd, 1-6 (Groundball, 13S, EV 68.8 MPH)
Pitching: RHP Justin Lee
Pinch Hitting: RHB Dennis Brunell 0-0: Called Strike
0-1: Foul Ball, location: 2F
0-2: Ball
1-2: Foul Ball, location: 3F
1-2: Ball
2-2: Foul Ball, location: 23F
2-2: Fly out, F3 (Popup, 3SF, EV 85.0 MPH)
Batting: LHB David Salcido 0-0: Ball
1-0: Swinging Strike
1-1: Ball
2-1: Foul Ball, location: 2F
2-2: Ball
3-2: SINGLE (Groundball, 6M, EV 100.0 MPH) (infield hit)
Carlos Aguilar to second
Pinch Hitting: LHB Wil Valenzuela 0-0: DOUBLE (Line Drive, 8LXD, EV 104.4 MPH)
Carlos Aguilar scores
David Salcido to third
Batting: LHB Rico Flores 0-0: Ball
1-0: Ground out 4-3 (Groundball, 4M, EV 103.8 MPH)
Bottom of the 8th over - 1 run, 3 hits, 0 errors, 2 left on base; Toronto (GCL) 5 - Boston (GCL) 1
TOP OF THE 9TH
Toronto (GCL) Blue Jays batting - Pitching for Boston (GCL) Red Sox : RHP Manny Balli
Pitching: RHP Adam Root
Now at 1B: Dennis Brunell
Now in LF: Wil Valenzuela
Now in CF: Joel Sierra
Batting: RHB Ryan Hill 0-0: Swinging Strike
0-1: Swinging Strike
0-2: Ball
1-2: Ground out 5-3 (Groundball, 56, EV 90.6 MPH)
Batting: LHB Nick Maruschak 0-0: Called Strike
0-1: Foul Ball, location: 9LMF
0-2: Strikes out looking
Pinch Hitting: LHB Jason Bruner 0-0: Ball
1-0: Ball
2-0: DOUBLE (Line Drive, 9LM, EV 93.8 MPH)
Batting: RHB Chris Abbott 0-0: Ball
1-0: Called Strike
1-1: Called Strike
1-2: Fly out, F8 (Flyball, 8LD, EV 83.8 MPH)
Top of the 9th over - 0 runs, 1 hit, 0 errors, 1 left on base; Toronto (GCL) 5 - Boston (GCL) 1
BOTTOM OF THE 9TH
Boston (GCL) Red Sox batting - Pitching for Toronto (GCL) Blue Jays : RHP Justin Lee
Now at 1B: Cory Jackson
Batting: RHB Silvério Lorme 0-0: SINGLE (Flyball, 8RS, EV 93.1 MPH)
Pinch Hitting: RHB Jim Shipman 0-0: Foul Ball, location: 3DF
0-1: Swinging Strike
0-2: Ball
1-2: Ball
2-2: Strikes out swinging
Batting: RHB Matt Borkholder 0-0: Foul Ball, location: 2F
0-1: Ball
1-1: Swinging Strike
1-2: DOUBLE (Groundball, 5L, EV 108.1 MPH)
Silvério Lorme to third
Pinch Hitting: RHB Juan Arana 0-0: Ball
1-0: Ball
2-0: Ball
3-0: Base on Balls
Pitching: RHP Arturo Rivera
Batting: RHB Joel Sierra 0-0: Called Strike
0-1: Fly out, F8 (Line Drive, 8RD, EV 93.8 MPH)
Runner from 3rd tags up, SCORES, no throw by CF
Batting: RHB Dennis Brunell 0-0: Ball
1-0: Swinging Strike
1-1: Foul Ball, location: 9LDF
1-2: Ball
2-2: Ball
3-2: Strikes out swinging
Bottom of the 9th over - 1 run, 2 hits, 0 errors, 2 left on base; Toronto (GCL) 5 - Boston (GCL) 2
Tuesday, May 14th , 2024 - OOTP Baseball 24.11 Build 85